 Dungeon Crawl Stone Soup version 0.15-a0-462-gf669498 (webtiles) character file.

1815 Infinimo the Conjurer (level 8, -1/46 HPs)
             Began as a High Elf Fire Elementalist on May 7, 2014.
             Was a Follower of Cheibriados.
             Slain by a wraith (2 damage)
             ... in an ossuary.
             The game lasted 00:17:35 (7645 turns).

Infinimo the Conjurer (High Elf Fire Elementalist)  Turns: 7645, Time: 00:17:41

HP  -1/46        AC  7     Str 10      XL: 8   Next: 56%
MP  12/20        EV 13     Int 26      God: Cheibriados [*.....]
Gold 275         SH  0     Dex 19      Spells:  4 memorised,  0 levels left

rFire  . . .     SeeInvis .     g - +1 dagger (protect)
rCold  + . .     Clarity  .     a - +0 robe (curse)
rNeg   . . .     Conserve +     (no shield)
rPois  .         rCorr    .     x - +1 hat
rElec  .         rRot     .     (no cloak)
SustAb . .       Spirit   .     (no gloves)
rMut   .         Warding  .     (no boots)
Saprov . . .     Stasis   .     r - amulet of conservation
MR     .....                    q - ring of protection from cold
                                f - ring of wizardry

@: slowed, very slow, not resistant to hostile enchantments, unstealthy
A: clever 1, deformed body, fast metabolism 1
a: Bend Time, Renounce Religion


You were in an ossuary.
You worshipped Cheibriados.
Cheibriados was aware of your devotion.
You were very hungry.

You visited 1 branch of the dungeon, and saw 7 of its levels.
You also visited: Ossuary.

You collected 275 gold pieces.

Inventory:

Hand weapons
 g - a +1,+1 dagger of protection (weapon)
Armour
 a - a cursed +0 robe (worn)
 x - a +1 hat (worn)
Magical devices
 h - a wand of fireball (1)
 o - a wand of digging (14)
 s - a wand of cold (7)
Comestibles
 c - 6 bread rations
 k - a slice of pizza
 m - a sausage
 n - a pear
Scrolls
 e - 7 scrolls of identify
 p - 7 scrolls of teleportation
 u - a scroll of blinking
 w - a scroll of enchant weapon II
 z - 2 scrolls of enchant weapon I
Jewellery
 d - an uncursed ring of fire
 f - a ring of wizardry (left hand)
 q - a ring of protection from cold (right hand)
 r - an amulet of conservation (around neck)
Potions
 i - 5 potions of curing
Books
 b - a book of Flames

   Spells                             Type                      Level
   *Flame Tongue                      Conjuration/Fire             1
   Throw Flame                        Conjuration/Fire             2
   *Conjure Flame                     Conjuration/Fire             3
   Inner Flame                        Hexes/Fire                   3
   *Sticky Flame                      Conjuration/Fire             4
   *Fireball                          Conjuration/Fire             5
 t - a book of Death

   Spells                             Type                      Level
   Corpse Rot                         Necromancy                   2
   Sublimation of Blood               Necromancy                   2
   Agony                              Necromancy                   5
   Dispel Undead                      Necromancy                   5
   Excruciating Wounds                Charms/Necromancy            5
   Bolt of Draining                   Conjuration/Necromancy       5
 v - a book of Maledictions

   Spells                             Type                      Level
   Corona                             Hexes                        1
   Sure Blade                         Hexes/Charms                 2
   Ensorcelled Hibernation            Hexes/Ice                    2
   Confuse                            Hexes                        3
   Dazzling Spray                     Conjuration/Hexes            3
   Enslavement                        Hexes                        4
 y - a book of Power

   Spells                             Type                      Level
   Fulminant Prism                    Conjuration/Hexes            4
   Iskenderun's Mystic Blast          Conjuration                  4
   Venom Bolt                         Conjuration/Poison           5
   Bolt of Magma                      Conjuration/Fire/Earth       5
   Iron Shot                          Conjuration/Earth            6
   Orb of Destruction                 Conjuration                  7


   Skills:
 - Level 2.1 Dodging
 - Level 2.1 Stealth
 - Level 3.1 Spellcasting
 + Level 8.4 Conjurations
 + Level 8.0 Fire Magic


You couldn't memorise any spells.
You knew the following spells:

 Your Spells              Type           Power        Failure   Level  Hunger
a - Flame Tongue          Conj/Fire      #####        1%          1    None
b - Conjure Flame         Conj/Fire      #####...     1%          3    ###....
c - Sticky Flame          Conj/Fire      #####...     1%          4    ####...
d - Fireball              Conj/Fire      #####.....   4%          5    #####..


Dungeon Overview and Level Annotations

Branches:
Dungeon (7/15)             Temple (0/1) D:6

Altars:
Cheibriados

Annotations:
D:4 lauthentik's ghost, average DrTm


Innate Abilities, Weirdness & Mutations

Your mind is acute. (Int +2)
Armour fits poorly on your strangely shaped body.
You have a fast metabolism.


Message History

The wraith hits you. The wraith drains your vigor!
You feel yourself slow down.
Casting: Flame Tongue
Confirm with . or Enter, or press ? or * to list all spells.
Aiming: Flame Tongue
Press: ? - help, Shift-Dir - straight line, f/p - wraith
Aim: a wraith (almost destroyed)
The flame tongue hits the wraith.
The wraith appears unharmed.
The wraith is almost destroyed.
Casting: Flame Tongue
Confirm with . or Enter, or press ? or * to list all spells.
Aiming: Flame Tongue
Press: ? - help, Shift-Dir - straight line, f/p - wraith
Aim: a wraith (almost destroyed)
The flame tongue misses the wraith.
The wraith hits you!
* * * LOW HITPOINT WARNING * * *
The wraith hits you!
* * * LOW HITPOINT WARNING * * *
The wraith drains your vigor!
You feel as though you will be slow longer.
You die...

.∩...................
.......#####'#####..
......##.........##
.....##...#####...##
....##...##...##...##
....#...##.??..##...#
....+ . #.??!.!.#...+
....# ##.!?!.##...#
....## ##.W.##@..##
.....## ##'##W..##
......## ......##.
.......#####+#####..
.∩..................
.....................
###########'''######
####...####
#..'...'..#


You could see a wraith.

Vanquished Creatures
  Grinder (D:4)
  A necrophage (D:6)
  An ice beast (D:6)
  A phantom (D:5)
  Duvessa (D:4)
  4 killer bees (D:7)
  2 scorpions
  A hound (D:6)
  Dowan (D:4)
  A giant frog skeleton (D:4)
  3 orc priests
  2 worker ants (D:4)
  7 orc wizards
  An iguana (D:4)
  An ogre zombie (D:6)
  A mummy (Ossuary)
  5 adders
  A giant mite (D:2)
  2 worms
  3 giant geckos
  An ooze (D:5)
  21 orcs
  10 bats
  8 giant cockroaches
  19 goblins
  9 hobgoblins
  11 jackals
  A ball python (D:2)
  4 giant newts
  4 gnoll skeletons (Ossuary)
  A hobgoblin skeleton (D:7)
  16 kobolds
  3 kobold skeletons (Ossuary)
  10 orc skeletons (Ossuary)
  3 quokkas
  11 rats
172 creatures vanquished.

Notes
Turn   | Place    | Note
--------------------------------------------------------------
     0 | D:1      | Infinimo, the High Elf Fire Elementalist, began the quest for the Orb.
     0 | D:1      | Reached XP level 1. HP: 11/11 MP: 4/4
   378 | D:1      | Reached XP level 2. HP: 17/17 MP: 4/7
   994 | D:2      | Reached XP level 3. HP: 13/21 MP: 0/9
  1191 | D:2      | Learned a level 3 spell: Conjure Flame
  1967 | D:2      | Reached XP level 4. HP: 27/27 MP: 8/12
  2156 | D:3      | Learned a level 4 spell: Sticky Flame
  2306 | D:3      | Reached skill level 4 in Fire Magic
  2644 | D:3      | Reached XP level 5. HP: 31/31 MP: 7/14
  3228 | D:3      | Reached XP level 6. HP: 23/36 MP: 9/16
  3544 | D:4      | Noticed Duvessa
  3544 | D:4      | Noticed Dowan
  3570 | D:4      | Killed Duvessa
  3570 | D:4      | Reached skill level 5 in Conjurations
  3570 | D:4      | Reached skill level 5 in Fire Magic
  3788 | D:4      | Killed Dowan
  4447 | D:4      | Reached XP level 7. HP: 41/41 MP: 15/18
  4483 | D:4      | Noticed Grinder
  4493 | D:4      | Killed Grinder
  4493 | D:4      | Reached skill level 6 in Conjurations
  4837 | D:4      | Noticed lauthentik's ghost (average DrTm)
  4909 | D:5      | Entered Level 5 of the Dungeon
  5387 | D:5      | Reached skill level 7 in Conjurations
  6244 | D:5      | Reached XP level 8. HP: 46/46 MP: 17/20
  6500 | D:5      | Learned a level 5 spell: Fireball
  6721 | D:6      | Found a snail-covered altar of Cheibriados.
  6794 | D:6      | Became a worshipper of Cheibriados the Contemplative
  6890 | D:6      | Reached skill level 8 in Conjurations
  7060 | D:6      | Found a staircase to the Ecumenical Temple.
  7364 | D:7      | Found a sand-covered staircase.
  7369 | Ossuary  | Entered an ossuary
  7529 | Ossuary  | Gained mutation: Armour fits poorly on your strangely shaped body. [potion of mutation]
  7529 | Ossuary  | Gained mutation: You have a fast metabolism. [potion of mutation]
  7529 | Ossuary  | Gained mutation: Your mind is acute. (Int +2) [potion of mutation]
  7645 | Ossuary  | HP: 1/46 [wraith (8)]
  7645 | Ossuary  | Slain by a wraith

Action                   |  1- 3 |  4- 6 |  7- 9 || total
-------------------------+-------+-------+-------++-------
Melee: Unarmed           |     3 |       |       ||     3
       Whip              |     7 |     1 |       ||     8
       Dagger            |       |       |    14 ||    14
 Cast: Flame Tongue      |    87 |   123 |   168 ||   378
       Sticky Flame      |       |     4 |     3 ||     7
       Conjure Flame     |       |       |     3 ||     3
       Fireball          |       |       |     1 ||     1
Evoke: Wand              |       |     1 |     2 ||     3
  Use: Scroll            |     3 |     3 |     5 ||    11
       Potion            |       |     5 |     6 ||    11
